TOP OF THE 1ST |
South Florida Bulls batting - Pitching for Ohio State Buckeyes : RHP Carlos Flores
|
Pitching: RHP Carlos Flores
|
|
Batting: RHB Ronnie Rogers
|
0-0: Called Strike 0-1: Ball 1-1: SINGLE (Groundball, 56D)
|
Batting: RHB Warren Strathbogie
|
0-0: Called Strike 0-1: Ball 1-1: 2-RUN HOME RUN (Flyball, 7D), Distance : 358 ft
|
Batting: RHB Joe LaFontaine
|
0-0: Ball 1-0: Ball 2-0: Swinging Strike 2-1: Foul Ball, location: 2F 2-2: Ball 3-2: Foul Ball, location: 2F 3-2: SINGLE (Line Drive, 78S)
|
Batting: RHB Víctor Pérez
|
0-0: Foul Ball, location: 2F 0-1: Ball 1-1: Hit by Pitch Joe LaFontaine to second
|
Batting: LHB Eric Mendoza
|
0-0: Called Strike 0-1: Ball 1-1: Ball 2-1: Ball 3-1: Foul Ball, location: 2F 3-2: Foul Ball, location: 2F 3-2: Base on Balls Joe LaFontaine to third Víctor Pérez to second
|
Batting: SHB Troy Holland
|
0-0: SINGLE (Groundball, 34D) Joe LaFontaine scores Víctor Pérez to third Eric Mendoza to second
|
Batting: SHB Wade Stover
|
0-0: Ball 1-0: Called Strike 1-1: Foul Ball, location: 2F 1-2: Strikes out swinging
|
Batting: SHB Jesús Miranda
|
0-0: Ball 1-0: Ball 2-0: Foul Ball, location: 2F 2-1: Foul Ball, location: 2F 2-2: Strikes out swinging
|
Batting: RHB Jeff McIntosh
|
0-0: Called Strike 0-1: Ground out 5-3 (Groundball, 56S)
|
Top of the 1st over - 3 run(s), 4 hit(s), 0 error(s), 3 left on base; South Florida 3 - Ohio State 0 |
BOTTOM OF THE 1ST |
Ohio State Buckeyes batting - Pitching for South Florida Bulls : LHP David Bryant
|
Pitching: LHP David Bryant
|
|
Batting: SHB Theodore Draper
|
0-0: Ball 1-0: Called Strike 1-1: SINGLE (Groundball, 6MD)
|
Batting: RHB Josh Joyner
|
0-0: Ball 1-0: Ball 2-0: Swinging Strike 2-1: Ball 3-1: Base on Balls Theodore Draper to second
|
Batting: LHB Roberto Herrera
|
0-0: Ball 1-0: Grounds into double play, 4-6-3 (Groundball, 4) Theodore Draper to third
|
Batting: RHB Richie Sawyer
|
0-0: Called Strike 0-1: Called Strike 0-2: Ground out 5-3 (Groundball, 56S)
|
Bottom of the 1st over - 0 run(s), 1 hit(s), 0 error(s), 1 left on base; South Florida 3 - Ohio State 0 |
TOP OF THE 2ND |
South Florida Bulls batting - Pitching for Ohio State Buckeyes : RHP Carlos Flores
|
Batting: RHB Ronnie Rogers
|
0-0: Ball 1-0: Ball 2-0: Foul Ball, location: 2F 2-1: Ball 3-1: Called Strike 3-2: Base on Balls
|
Batting: RHB Warren Strathbogie
|
0-0: Ball 1-0: Foul Ball, location: 2F 1-1: Swinging Strike 1-2: Foul Ball, location: 2F 1-2: Foul Ball, location: 2F 1-2: Strikes out looking
|
Batting: RHB Joe LaFontaine
|
0-0: Ball 1-0: Ball 2-0: Ball 3-0: Called Strike 3-1: Base on Balls Ronnie Rogers to second
|
Batting: RHB Víctor Pérez
|
0-0: SINGLE (Line Drive, 9) Ronnie Rogers to third Joe LaFontaine to second
|
|
|
Batting: LHB Eric Mendoza
|
0-0: DOUBLE (Flyball, 7LM) Ronnie Rogers scores Joe LaFontaine scores Víctor Pérez to third
|
Batting: SHB Troy Holland
|
0-0: Ball 1-0: Ball 2-0: Ball 3-0: Called Strike 3-1: Foul Ball, location: 2F 3-2: Strikes out looking
|
Batting: SHB Wade Stover
|
0-0: Ball 1-0: Ball 2-0: Ball 3-0: Base on Balls
|
Batting: SHB Jesús Miranda
|
0-0: Swinging Strike 0-1: Called Strike 0-2: Ball 1-2: Strikes out swinging
|
Top of the 2nd over - 2 run(s), 2 hit(s), 0 error(s), 3 left on base; South Florida 5 - Ohio State 0 |
BOTTOM OF THE 2ND |
Ohio State Buckeyes batting - Pitching for South Florida Bulls : LHP David Bryant
|
Batting: SHB Bill House
|
0-0: Called Strike 0-1: Ball 1-1: Called Strike 1-2: Ball 2-2: Ball 3-2: Ground out 2-3 (Groundball, 15S)
|
Batting: RHB George Pierce
|
0-0: Called Strike 0-1: Called Strike 0-2: Ball 1-2: Ball 2-2: Ball 3-2: Fly out, F7 (Flyball, 7S)
|
Batting: LHB Abraham Horton
|
0-0: Swinging Strike 0-1: Ball 1-1: Ball 2-1: Fly out, F8 (Flyball, 8LM)
|
Bottom of the 2nd over - 0 run(s), 0 hit(s), 0 error(s), 0 left on base; South Florida 5 - Ohio State 0 |
TOP OF THE 3RD |
South Florida Bulls batting - Pitching for Ohio State Buckeyes : RHP Carlos Flores
|
Batting: RHB Jeff McIntosh
|
0-0: Foul Ball, location: 2F 0-1: Ground out 4-3 (Groundball, 4)
|
Batting: RHB Ronnie Rogers
|
0-0: Ball 1-0: Ball 2-0: Ball 3-0: Base on Balls
|
Batting: RHB Warren Strathbogie
|
0-0: Ball 1-0: Called Strike Ronnie Rogers steals 2nd base 1-1: Ball 2-1: Called Strike 2-2: Foul Ball, location: 2F 2-2: Foul Ball, location: 2F 2-2: Strikes out swinging
|
Pitching: RHP Don Feightner
|
|
Batting: RHB Joe LaFontaine
|
0-0: Ball 1-0: Called Strike 1-1: Foul Ball, location: 2F 1-2: Ball 2-2: Ball 3-2: Strikes out looking
|
Top of the 3rd over - 0 run(s), 0 hit(s), 0 error(s), 1 left on base; South Florida 5 - Ohio State 0 |
BOTTOM OF THE 3RD |
Ohio State Buckeyes batting - Pitching for South Florida Bulls : LHP David Bryant
|
Batting: RHB Edgardo Gonzáles
|
0-0: Ball 1-0: Ball 2-0: Called Strike 2-1: Ball 3-1: Foul Ball, location: 2F 3-2: SINGLE (Groundball, 56D)
|
Batting: RHB Frank Hester
|
0-0: Ball 1-0: Fly out, F9 (Flyball, 9)
|
Batting: SHB Theodore Draper
|
0-0: Foul Ball, location: 2F 0-1: Swinging Strike 0-2: Strikes out swinging
|
Batting: RHB Josh Joyner
|
0-0: Ball 1-0: Called Strike 1-1: Fly out, F8 (Flyball, 8LM)
|
Bottom of the 3rd over - 0 run(s), 1 hit(s), 0 error(s), 1 left on base; South Florida 5 - Ohio State 0 |
TOP OF THE 4TH |
South Florida Bulls batting - Pitching for Ohio State Buckeyes : RHP Don Feightner
|
Batting: RHB Víctor Pérez
|
0-0: SOLO HOME RUN (Flyball, 78XD), Distance : 368 ft
|
Batting: LHB Eric Mendoza
|
0-0: Ball 1-0: Called Strike 1-1: Ball 2-1: Ball 3-1: Called Strike 3-2: Base on Balls
|
Batting: SHB Troy Holland
|
0-0: Fly out, F8 (Flyball, 8LM)
|
Batting: SHB Wade Stover
|
0-0: Called Strike 0-1: Ball 1-1: Grounds into double play, 5-4-3 (Groundball, 56)
|
Top of the 4th over - 1 run(s), 1 hit(s), 0 error(s), 0 left on base; South Florida 6 - Ohio State 0 |
BOTTOM OF THE 4TH |
Ohio State Buckeyes batting - Pitching for South Florida Bulls : LHP David Bryant
|
Batting: LHB Roberto Herrera
|
0-0: Called Strike 0-1: Ball 1-1: Called Strike 1-2: Ball 2-2: SINGLE (Groundball, 34) (infield hit)
|
Batting: RHB Richie Sawyer
|
0-0: Called Strike 0-1: DOUBLE (Line Drive, 89M) Roberto Herrera to third
|
Batting: SHB Bill House
|
0-0: Called Strike 0-1: Called Strike 0-2: Strikes out swinging
|
Batting: RHB George Pierce
|
0-0: Ball 1-0: Ball 2-0: Ball 3-0: SINGLE (Groundball, 5D) Roberto Herrera scores Richie Sawyer to third Runner from 3rd tries for Home, SAFE, no throw
|
Batting: LHB Abraham Horton
|
0-0: Called Strike 0-1: Ball 1-1: Called Strike 1-2: Strikes out swinging
|
Batting: RHB Edgardo Gonzáles
|
0-0: Ball 1-0: Ball 2-0: Swinging Strike 2-1: Fielders Choice at 2nd, 4-6 (Groundball, 4)
|
Bottom of the 4th over - 2 run(s), 3 hit(s), 0 error(s), 0 left on base; South Florida 6 - Ohio State 2 |
TOP OF THE 5TH |
South Florida Bulls batting - Pitching for Ohio State Buckeyes : RHP Don Feightner
|
Batting: SHB Jesús Miranda
|
0-0: Ground out 4-3 (Groundball, 4)
|
Batting: RHB Jeff McIntosh
|
0-0: Ground out 5-3 (Groundball, 56S)
|
Batting: RHB Ronnie Rogers
|
0-0: Ground out 6-3 (Groundball, 6)
|
Top of the 5th over - 0 run(s), 0 hit(s), 0 error(s), 0 left on base; South Florida 6 - Ohio State 2 |
BOTTOM OF THE 5TH |
Ohio State Buckeyes batting - Pitching for South Florida Bulls : LHP David Bryant
|
Batting: RHB Frank Hester
|
0-0: Fly out, F3 (Popup, 3L)
|
Batting: SHB Theodore Draper
|
0-0: Ground out 6-3 (Groundball, 6)
|
Batting: RHB Josh Joyner
|
0-0: Ball 1-0: SINGLE (Flyball, 8LS)
|
Batting: LHB Roberto Herrera
|
0-0: Called Strike 0-1: Ball 1-1: SINGLE (Groundball, 5D) Josh Joyner to second
|
Batting: RHB Richie Sawyer
|
0-0: Ball 1-0: Ball 2-0: Fly out, F7 (Flyball, 7D)
|
Bottom of the 5th over - 0 run(s), 2 hit(s), 0 error(s), 2 left on base; South Florida 6 - Ohio State 2 |
TOP OF THE 6TH |
South Florida Bulls batting - Pitching for Ohio State Buckeyes : RHP Don Feightner
|
Batting: RHB Warren Strathbogie
|
0-0: Called Strike 0-1: Called Strike 0-2: Strikes out swinging
|
Batting: RHB Joe LaFontaine
|
0-0: SINGLE (Line Drive, 56D)
|
Batting: RHB Víctor Pérez
|
0-0: Foul Ball, location: 2F 0-1: Ball 1-1: Ball 2-1: Called Strike 2-2: 2-RUN HOME RUN (Line Drive, 9D), Distance : 361 ft
|
Batting: LHB Eric Mendoza
|
0-0: Called Strike 0-1: Ball 1-1: Foul Ball, location: 2F 1-2: Foul Ball, location: 2F 1-2: Strikes out swinging
|
Batting: SHB Troy Holland
|
0-0: Ground out 3-1 (Groundball, 34)
|
Top of the 6th over - 2 run(s), 2 hit(s), 0 error(s), 0 left on base; South Florida 8 - Ohio State 2 |
BOTTOM OF THE 6TH |
Ohio State Buckeyes batting - Pitching for South Florida Bulls : LHP David Bryant
|
Batting: SHB Bill House
|
0-0: Ball 1-0: Foul Ball, location: 2F 1-1: Ground out 6-3 (Groundball, 6S)
|
Batting: RHB George Pierce
|
0-0: Ball 1-0: Fly out, F5 (Popup, 56)
|
Batting: LHB Abraham Horton
|
0-0: Ball 1-0: Called Strike 1-1: Ground out U3 (Groundball, 34)
|
Bottom of the 6th over - 0 run(s), 0 hit(s), 0 error(s), 0 left on base; South Florida 8 - Ohio State 2 |
TOP OF THE 7TH |
South Florida Bulls batting - Pitching for Ohio State Buckeyes : RHP Don Feightner
|
Pitching: RHP Desi Smith
|
|
Batting: SHB Wade Stover
|
0-0: Foul Ball, location: 2F 0-1: Called Strike 0-2: Foul Ball, location: 2F 0-2: Ball 1-2: Ground out 6-3 (Groundball, 6M)
|
Batting: SHB Jesús Miranda
|
0-0: Called Strike 0-1: Fly out, F8 (Flyball, 78S)
|
Batting: RHB Jeff McIntosh
|
0-0: Ball 1-0: Ball 2-0: Called Strike 2-1: Ball 3-1: Foul Ball, location: 2F 3-2: Strikes out swinging
|
Top of the 7th over - 0 run(s), 0 hit(s), 0 error(s), 0 left on base; South Florida 8 - Ohio State 2 |
BOTTOM OF THE 7TH |
Ohio State Buckeyes batting - Pitching for South Florida Bulls : LHP David Bryant
|
Pitching: RHP Allen Steele
|
|
Batting: RHB Edgardo Gonzáles
|
0-0: Ball 1-0: Ball 2-0: Ball 3-0: Foul Ball, location: 2F 3-1: Foul Ball, location: 2F 3-2: Base on Balls
|
Batting: RHB Frank Hester
|
0-0: Foul Ball, location: 2F 0-1: Ball 1-1: Foul Ball, location: 2F 1-2: Strikes out swinging
|
Batting: SHB Theodore Draper
|
Balk! Edgardo Gonzáles to second 0-0: Swinging Strike 0-1: Ball 1-1: Foul Ball, location: 2F 1-2: Fly out, F8 (Flyball, 8RM)
|
Batting: RHB Josh Joyner
|
0-0: Ground out 5-3 (Groundball, 56)
|
Bottom of the 7th over - 0 run(s), 0 hit(s), 0 error(s), 1 left on base; South Florida 8 - Ohio State 2 |
TOP OF THE 8TH |
South Florida Bulls batting - Pitching for Ohio State Buckeyes : RHP Desi Smith
|
Batting: RHB Ronnie Rogers
|
0-0: Ball 1-0: Ground out 6-3 (Groundball, 6)
|
Batting: RHB Warren Strathbogie
|
0-0: Ball 1-0: SINGLE (Line Drive, 78S)
|
Batting: RHB Joe LaFontaine
|
0-0: Called Strike 0-1: Fly out, F2 (Popup, 13S)
|
Batting: RHB Víctor Pérez
|
0-0: Called Strike 0-1: Ball Warren Strathbogie is caught stealing 2nd base
|
Top of the 8th over - 0 run(s), 1 hit(s), 0 error(s), 0 left on base; South Florida 8 - Ohio State 2 |
BOTTOM OF THE 8TH |
Ohio State Buckeyes batting - Pitching for South Florida Bulls : RHP Allen Steele
|
Batting: LHB Roberto Herrera
|
0-0: Ground out 3-1 (Groundball, 34)
|
Batting: RHB Richie Sawyer
|
0-0: Called Strike 0-1: Ball 1-1: Ball 2-1: Called Strike 2-2: Foul Ball, location: 2F 2-2: Foul Ball, location: 2F 2-2: Ball 3-2: Strikes out swinging
|
Batting: SHB Bill House
|
0-0: Fly out, F3 (Popup, 3L)
|
Bottom of the 8th over - 0 run(s), 0 hit(s), 0 error(s), 0 left on base; South Florida 8 - Ohio State 2 |
TOP OF THE 9TH |
South Florida Bulls batting - Pitching for Ohio State Buckeyes : RHP Desi Smith
|
Batting: RHB Víctor Pérez
|
0-0: Called Strike 0-1: Ball 1-1: Foul Ball, location: 2F 1-2: Ball 2-2: Ball 3-2: Base on Balls
|
Batting: LHB Eric Mendoza
|
0-0: Foul Ball, location: 2F 0-1: Ball 1-1: Ball 2-1: Foul Ball, location: 2F 2-2: Strikes out swinging
|
Batting: SHB Troy Holland
|
0-0: Called Strike 0-1: Foul Ball, location: 2F 0-2: Strikes out swinging
|
Batting: SHB Wade Stover
|
0-0: Swinging Strike 0-1: Called Strike 0-2: Strikes out swinging
|
Top of the 9th over - 0 run(s), 0 hit(s), 0 error(s), 1 left on base; South Florida 8 - Ohio State 2 |
BOTTOM OF THE 9TH |
Ohio State Buckeyes batting - Pitching for South Florida Bulls : RHP Allen Steele
|
Batting: RHB George Pierce
|
0-0: Ball 1-0: Called Strike 1-1: Ball 2-1: Ball 3-1: Foul Ball, location: 2F 3-2: Foul Ball, location: 2F 3-2: Base on Balls
|
Batting: LHB Abraham Horton
|
0-0: Foul Ball, location: 2F 0-1: Swinging Strike 0-2: Strikes out swinging
|
Batting: RHB Edgardo Gonzáles
|
0-0: Fly out, F7 (Flyball, 7)
|
Batting: RHB Frank Hester
|
0-0: Called Strike 0-1: Ball 1-1: Ball 2-1: Ball 3-1: Called Strike 3-2: Fly out, F8 (Flyball, 8RS)
|
Bottom of the 9th over - 0 run(s), 0 hit(s), 0 error(s), 1 left on base; South Florida 8 - Ohio State 2 |
|
Thursday, March 30th, 2017 - OOTP Baseball 17.12 Build 75
|
|